 Dungeon Crawl Stone Soup version 0.29.0-11-gd7f09526c8 (webtiles) character file.

Game seed: 5064198259519138381

3851 Arcadio the Merchant of Misery (level 10, -4/49 HPs)
             Began as a Vine Stalker Necromancer on Sept 4, 2022.
             Was a Believer of Kikubaaqudgha.
             Slain by an unseen horror zombie (7 damage)
             ... on level 9 of the Dungeon.
             The game lasted 00:36:14 (9402 turns).

Arcadio the Merchant of Misery (VSNe)               Turns: 9402, Time: 00:36:15

Health: -4/49      AC:  7    Str: 10    XL:     10   Next: 18%
Magic:  0/32       EV: 15    Int: 19    God:    Kikubaaqudgha [**....]
Gold:   489        SH:  0    Dex: 16    Spells: 4/25 levels left

rFire   . . .      SeeInvis .   F - +3 great sword
rCold   . . .      Faith    +   (shield currently unavailable)
rNeg    . . .      Spirit   +   a - +0 robe
rPois   .          Reflect  .   (no helmet)
rElec   .          Harm     .   (no cloak)
rCorr   .          Rampage  .   (no gloves)
Will    +....                   O - +0 pair of boots
Stlth   ++........              i - amulet of faith
HPRegen 0.96/turn               l - +4 ring of protection
MPRegen 0.23/turn               C - ring of magical power

@: no status effects
A: fangs 3, regeneration 1, magic shield, antimagic bite, no potion heal 2
a: Renounce Religion, Unearth Wretches


You were on level 9 of the Dungeon.
You worshipped Kikubaaqudgha.
Kikubaaqudgha was pleased with you.
You visited 2 branches of the dungeon, and saw 10 of its levels.

You collected 489 gold pieces.

Inventory:

Hand Weapons
 b - a +3 flail
 e - a +0 dagger
 q - the +3 woodcutter's axe {vorpal}
   (You found it on level 3 of the Dungeon)

   It inflicts extra damage upon your enemies.
 v - a +1 falchion of electrocution
 y - a +0 morningstar
 B - a +3 mace
 E - a +4 war axe
 F - a +3 great sword (weapon)
 J - a +2 long sword of holy wrath
 N - a +6 spear of venom
 Q - a +3 great sword
Missiles
 c - a boomerang of dispersal (quivered)
 P - a throwing net
Armour
 a - a +0 robe (worn)
 O - a +0 pair of boots (worn)
 R - a +0 kite shield
Jewellery
 i - an amulet of faith (around neck)
 l - a +4 ring of protection (left hand)
 A - a ring of ice
 C - a ring of magical power (right hand)
Wands
 I - a wand of charming (10)
 L - a wand of roots (4)
 M - a wand of quicksilver (11)
Scrolls
 d - a scroll of enchant weapon {unknown}
 f - 2 scrolls of poison
 g - 2 scrolls of magic mapping
 j - 4 scrolls of fear
 k - a scroll of teleportation
 n - 4 scrolls of silence
 r - a scroll of torment {unknown}
 s - a scroll of brand weapon {unknown}
 u - a scroll of blinking {unknown}
Potions
 h - 2 potions of berserk rage
 m - a potion of brilliance
 o - a potion of mutation {unknown}
 p - a potion of resistance
 t - 2 potions of invisibility
 w - 2 potions of haste {unknown}
 x - 2 potions of flight {unknown}
 z - a potion of attraction {unknown}
 D - a potion of lignification {unknown}
 G - a potion of might {unknown}
 H - 4 potions of curing {unknown}
 K - a potion of cancellation {unknown}


   Skills:
 + Level 3.7 Fighting
 + Level 6.8 Dodging
 - Level 2.4 Stealth
 + Level 8.3 Spellcasting
 + Level 8.9 Necromancy


You had 4 spell levels left.
You knew the following spells:

 Your Spells              Type           Power      Damage    Failure   Level
a - Necrotise             Necr           100%       1d9       1%          1
b - Vampiric Draining     Necr           41%        2d8       1%          3
c - Animate Dead          Necr           41%        N/A       2%          4
d - Blink                 Tloc           14%        N/A       14%         2
e - Agony                 Necr           41%        N/A       6%          5
f - Sublimation of Blood  Necr           41%        N/A       1%          2
g - Corpse Rot            Necr/Pois/Air  19%        N/A       26%         4

Your spell library contained the following spells:

 Spells                   Type           Power      Damage    Failure   Level
 Poisonous Vapours        Pois/Air       14%        N/A       14%         2
 Conjure Flame            Conj/Fire      7%         6-21      26%         3
 Ignite Poison            Fire/Tmut/Pois 7%         N/A       26%         3
 Lesser Beckoning         Tloc           7%         N/A       26%         3
 Mephitic Cloud           Conj/Pois/Air  7%         N/A       26%         3
 Sticky Flame             Conj/Fire      7%         2d3       65%         4
 Freezing Cloud           Conj/Ice/Air   3%         6-21      94%         5
 Manifold Assault         Tloc           7%         N/A       94%         5


Dungeon Overview and Level Annotations

Branches:
Dungeon (9/15) Zot: 26117  Temple (1/1) D:5 Zot: 5907
   Lair: D:8-11         Orc: D:9-12

Altars:
Cheibriados
Dithmenos
Fedhas
Gozag
Hepliaklqana
Kikubaaqudgha
Makhleb
Nemelex Xobeh
Okawaru
Qazlal
Ru
Sif Muna
Trog
Uskayaw
Vehumet
Wu Jian
Xom
Yredelemnul
Zin
The Shining One

Shops:
D:8 [!!

Annotations:
D:5 3 runed translucent doors, Glaciallarry's ghost, novice DrCj
D:7 2 transporters, MisterFreud's ghost, novice GrFi


Innate Abilities, Weirdness & Mutations

You have razor-sharp teeth.
Your natural rate of healing is unusually fast.
When hurt, damage is shared between your health and your magic reserves.
Your bite disrupts and absorbs the magic of your enemies.
Potions cannot restore your health.


Message History

The unseen horror zombie closely misses you. x2
The unseen horror zombie hits you but does no damage. x4
The unseen horror zombie barely misses you.
You slash the unseen horror zombie!
The unseen horror zombie is lightly damaged.
The unseen horror zombie hits you. x2
The unseen horror zombie closely misses you.
The unseen horror zombie hits you but does no damage.
The unseen horror zombie barely misses you.
The unseen horror zombie closely misses you.
The unseen horror zombie completely misses you.
The unseen horror zombie closely misses you.
The unseen horror zombie hits you.
The unseen horror zombie barely misses you.
The unseen horror zombie hits you.
The unseen horror zombie barely misses you.
The unseen horror zombie hits you.
* * * LOW HITPOINT WARNING * * *
The unseen horror zombie closely misses you. x2
You hit the unseen horror zombie.
Your bite misses the unseen horror zombie.
The unseen horror zombie is moderately damaged.
The unseen horror zombie misses you. The unseen horror zombie hits you.
* * * LOW HITPOINT WARNING * * *
The unseen horror zombie barely misses you.
The unseen horror zombie hits you.
* * * LOW HITPOINT WARNING * * *
The unseen horror zombie closely misses you.
The unseen horror zombie barely misses you.
The unseen horror zombie hits you but does no damage.
The unseen horror zombie hits you.
* * * LOW HITPOINT WARNING * * *
The unseen horror zombie hits you.
* * * LOW HITPOINT WARNING * * *
The unseen horror zombie hits you but does no damage.
The unseen horror zombie misses you.
The unseen horror zombie hits you but does no damage.
The unseen horror zombie hits you!
You die...
Kikubaaqudgha rasps: "You have failed me!
Welcome... death!"

#............z..#
##.....####'##...#
#......#..)..#...#
#......#.)...#...#
###..........#...#######
#..8.....<.#...z...z..
+.....8....#..........
#...P.Z....#..........
#....@Z....#..........
#...Z###†###..........
#.......Z.............
#..........########....
#####+#....# #....
#....# #.... #....#
#[... #....# #....
#....#


You could see 3 unseen horror zombies.

Vanquished Creatures
  An unseen horror zombie (D:9)
  5 yaks (D:9)
  A water moccasin (D:5)
  Duvessa (D:7)
  3 ice beasts
  An orc warrior (D:8)
  A hornet zombie (D:9)
  A black bear (D:6)
  An ogre (D:6)
  A centaur (D:8)
  A kobold brigand (D:6)
  5 bullfrogs
  A gnoll sergeant (D:8)
  12 wights
  Dowan (D:7)
  4 howler monkeys
  3 hounds (D:6)
  6 orc priests
  A gnoll bouda (D:7)
  An iguana (D:5)
  2 orc wizards
  11 gnolls
  5 adders
  An ufetubus (D:4)
  3 worms
  20 orcs
  10 ball pythons
  6 endoplasms
  6 giant cockroaches
  5 goblins
  6 hobgoblins
  8 jackals
  3 quokkas
  3 bats
  3 frilled lizards
  9 kobolds
  6 rats
158 creatures vanquished.

Vanquished Creatures (collateral kills)
  An orc priest (D:7)
  A gnoll (D:7)
  A dart slug (D:1)
  A goblin (D:1)
4 creatures vanquished.

Vanquished Creatures (others)
  A hound zombie (D:6)
  5 gnoll zombies (D:7)
  3 orc zombies (D:5)
  A plant (D:3)
  3 withered plants (D:9)
13 creatures vanquished.

Grand Total: 175 creatures vanquished

Notes
Turn   | Place    | Note
-------+----------+-------------------------------------------
     0 | D:1      | Arcadio the Vine Stalker Necromancer began the quest for
                  | the Orb.
     0 | D:1      | Reached XP level 1. HP: 9/9 MP: 4/4
   238 | D:1      | Reached XP level 2. HP: 13/13 MP: 1/6
   313 | D:1      | Found a faded altar of an unknown god.
   419 | D:1      | Reached XP level 3. HP: 1/16 MP: 1/8
  1337 | D:1      | Learned a level 3 spell: Vampiric Draining
  1521 | D:2      | Gained mutation: Your natural rate of healing is unusually
                  | fast. [Vine Stalker growth]
  1521 | D:2      | Reached XP level 4. HP: 21/21 MP: 5/9
  2330 | D:3      | Found the +3 woodcutter's axe {vorpal}
  3213 | D:4      | Learned a level 4 spell: Animate Dead
  3242 | D:4      | Reached XP level 5. HP: 20/24 MP: 6/11
  3498 | D:4      | Reached skill level 5 in Necromancy
  3676 | D:5      | Entered Level 5 of the Dungeon
  3744 | D:5      | Learned a level 2 spell: Blink
  3774 | D:5      | Found a staircase to the Ecumenical Temple.
  3781 | D:5      | Noticed a water moccasin
  3784 | Temple   | Entered the Ecumenical Temple
  3866 | Temple   | Became a worshipper of Kikubaaqudgha
  3897 | D:5      | Killed a water moccasin
  3898 | D:5      | Reached XP level 6. HP: 7/28 MP: 2/13
  4320 | D:5      | Found a runed translucent gate.
  4321 | D:5      | Found a runed translucent gate.
  4322 | D:5      | Found a runed translucent gate.
  4327 | D:5      | Noticed Glaciallarry's ghost (novice DrCj)
  4439 | D:5      | Noticed a wraith
  4744 | D:6      | Reached XP level 7. HP: 23/32 MP: 2/14
  5029 | D:5      | Reached skill level 5 in Spellcasting
  5327 | D:6      | Gained mutation: You have razor-sharp teeth. [Vine Stalker
                  | growth]
  5327 | D:6      | Reached XP level 8. HP: 14/36 MP: 7/17
  5707 | D:6      | Reached * piety under Kikubaaqudgha
  5707 | D:6      | Received a gift from Kikubaaqudgha
  5810 | D:6      | Reached skill level 5 in Dodging
  6186 | D:7      | Noticed Duvessa
  6186 | D:7      | Noticed Dowan
  6572 | D:7      | Reached XP level 9. HP: 17/39 MP: 8/20
  7034 | D:7      | Found a transporter.
  7038 | D:7      | Found a transporter.
  7042 | D:7      | Found a bloodstained altar of Trog.
  7042 | D:7      | Noticed a moth of wrath
  7058 | D:7      | Learned a level 5 spell: Agony
  7061 | D:7      | Learned a level 2 spell: Sublimation of Blood
  7067 | D:7      | Learned a level 4 spell: Corpse Rot
  7068 | D:7      | Noticed MisterFreud's ghost (novice GrFi)
  7111 | D:7      | Killed Duvessa
  7114 | D:7      | Killed Dowan
  7296 | D:7      | Reached ** piety under Kikubaaqudgha
  7297 | D:7      | Reached skill level 1 in Fighting
  7473 | D:8      | Found Wucziaca's Armour Shoppe.
  7533 | D:8      | Noticed a boulder beetle
  7905 | D:8      | Found a shimmering altar of Xom.
  8432 | D:8      | Found Osuism's Distillery.
  8457 | D:8      | Found Woehynab's Distillery.
  9375 | D:9      | Reached XP level 10. HP: 38/44 MP: 23/23
  9402 | D:9      | Slain by an unseen horror zombie

Illustrated notes

Levels and vault maps discovered:
D:1:      saegor_arrival_under_anarchy, layout_basic,
          nicolae_ecumenical_lake_church
D:2:      layout_basic, minmay_ruptured
D:3:      layout_loops_corners, serial_bayou, serial_bayou_crossing,
          serial_bayou_pond_a, serial_bayou_pond_b, serial_bayou_pond_c,
          chequers_serial_rivers_small_3, chequers_serial_rivers_large_a
D:4:      layout_rooms, hangedman_abyss_or_decor_jellyfish_corner,
          chequers_mini_garden
D:5:      layout_basic, minmay_temple_entry_ruins, gammafunk_ghost_split
D:6:      nicolae_cairo_tiling, layout_gridville
D:7:      layout_loops_cross, gammafunk_ghost_wrathful_warriors, serial_glass,
          glass_columns_a, glass_columns_a, uniq_duvessa
D:8:      layout_rooms, lemuel_doored_altar, serial_shops, shop, shop,
          shop_statue, nicolae_lakefront_shop, fungi_pond_lemuel
D:9:      minmay_quarter_circles, layout_irregular_city,
          mainiacjoe_overflow_two_lobes, serial_undead, serial_undead_c,
          serial_undead_e, serial_undead_c, serial_undead_a, serial_undead_d,
          serial_undead_f, serial_undead_c, serial_undead_e
Temple:   compressed_dpeg_triangle_lava_temple

Skill      XL: |  1  2  3  4  5  6  7  8  9 |
---------------+----------------------------+-----
Dodging        | 2 3 4 5 6 |  6.8
Spellcasting   | 3 4 5 6 8 |  8.3
Necromancy     | 5 6 7 8 |  8.9
Fighting       | 3 |  3.7
Stealth        | |  2.4

Action                   |  1- 3 |  4- 6 |  7- 9 | 10-12 || total
-------------------------+-------+-------+-------+-------++-------
Melee: Unarmed           |     2 |       |       |       ||     2
       Dagger            |    35 |    50 |       |       ||    85
       Bite              |     6 |    36 |    60 |     5 ||   107
       Battleaxe         |       |   100 |    87 |       ||   187
       Great sword       |       |       |   109 |    16 ||   125
Throw: Boomerang         |       |       |     2 |       ||     2
 Cast: Necrotise         |    42 |    27 |    10 |       ||    79
       Vampiric Draining |       |     5 |    16 |     6 ||    27
       Animate Dead      |       |     1 |     2 |       ||     3
       Blink             |       |       |     2 |       ||     2
       Agony             |       |       |     1 |       ||     1
  Use: Potion            |     1 |     1 |       |       ||     2
       Scroll            |       |       |    12 |       ||    12
 Stab: Sleeping          |     6 |     7 |     2 |       ||    15
Armor: Robe              |    10 |    41 |    54 |    26 ||   131
Dodge: Dodged            |    25 |   101 |   227 |    82 ||   435
